 Dungeon Crawl Stone Soup version 0.28.0-1-gb440e238dd (webtiles) character file.

Game seed: 1526030686388135444

11 Kaptain the Magician (level 2, 0/18 HPs)
             Began as an Octopode Hedge Wizard on Feb 24, 2022.
             Slain by a hobgoblin (3 damage)
             ... on level 1 of the Dungeon.
             The game lasted 00:02:01 (460 turns).

Kaptain the Magician (Octopode Hedge Wizard)         Turns: 460, Time: 00:02:01

Health: 0/18       AC:  1    Str:  9    XL:     2   Next: 25%
Magic:  0/6        EV: 13    Int: 16    God:
Gold:   15         SH:  0    Dex: 11    Spells: 6/7 levels left

rFire   . . .      SeeInvis .   e - +0 short sword
rCold   . . .      Faith    .   (no shield)
rNeg    . . .      Spirit   .   b - +0 hat
rPois   .          Reflect  .   (no amulet)
rElec   .          Harm     .   (no ring)
rCorr   .          Rampage  .   (no ring)
Will    .....                   (no ring)
Stlth   +++.......              (no ring)
HPRegen 0.06/turn               (no ring)
MPRegen 0.10/turn               (no ring)
                                (no ring)
                                (no ring)

@: no status effects
A: almost no armour, amphibious, 8 rings, camouflage 1, gelatinous body 1,
(nimble swimmer 1), tentacles
a: no special abilities


You were on level 1 of the Dungeon.
You visited 1 branch of the dungeon, and saw 1 of its levels.

You collected 15 gold pieces.

Inventory:

Hand Weapons
 d - a +0 hunting sling
 e - a +0 short sword (weapon)
Missiles
 f - 25 stones
Armour
 b - a +0 hat (worn)


   Skills:
 * Level 0.7 Fighting
 + Level 2.1 Dodging
 + Level 2.8 Stealth
 * Level 3.1 Spellcasting
 * Level 1.3 Conjurations
 - Level 1.0 Summonings
 - Level 1.0 Translocations


You had 6 spell levels left.
You knew the following spells:

 Your Spells              Type           Power      Damage    Failure   Level
a - Magic Dart            Conj           24%        1d4       11%         1

Your spell library contained the following spells:

 Spells                   Type           Power      Damage    Failure   Level
 Slow                     Hex            8%         N/A       19%         1
 Blink                    Tloc           10%        N/A       19%         2
 Call Imp                 Summ           5%         N/A       19%         2
 Conjure Flame            Conj/Fire      4%         6-21      38%         3
 Mephitic Cloud           Conj/Pois/Air  3%         N/A       43%         3


Dungeon Overview and Level Annotations

Branches:
Dungeon (1/15)

Altars:


Innate Abilities, Weirdness & Mutations

You cannot wear most types of armour.
You are amphibious.
You can wear up to eight rings at the same time.
Your skin changes colour to match your surroundings (Stealth+).
Your rubbery body absorbs attacks. (AC +1, EV +1)
((You are camouflaged when in or above water. (Stealth+)))
You have tentacles for arms and can constrict up to eight enemies at once.


Message History

You shoot a stone. The stone closely misses the hobgoblin.
The hobgoblin closely misses you.
Unknown command.
Fire: 26 stones
Press: ? - help, Q - select action, (/) - cycle Shift-Dir - straight line, f/p - hobgoblin
Aim: a hobgoblin (heavily wounded, 54% to hit)
You shoot a stone. The stone barely misses the hobgoblin.
The hobgoblin barely misses you. x2
Unknown command.
Found a dented copper amulet.
You see here a hobgoblin corpse.
Casting: Magic Dart (safe; 11% risk of failure)
Confirm with . or Enter, or press ? or * to list all spells.
Aiming: Magic Dart (safe; 11% risk of failure)
Press: ? - help, Shift-Dir - straight line, f/p - hobgoblin
Aim: a hobgoblin (100% to hit)
You miscast Magic Dart.
You are very lightly contaminated with residual magic.
Nothing appears to happen.
The hobgoblin hits you.
Unknown command.
e - a +0 short sword (weapon)
You barely miss the hobgoblin. You grab the hobgoblin.
You constrict the hobgoblin, but do no damage.
The hobgoblin hits you.
You hit the hobgoblin but do no damage.
You constrict the hobgoblin, but do no damage.
The hobgoblin hits you.
* * * LOW HITPOINT WARNING * * *
A kobold comes into view. It is wielding a +0 dagger.
The kobold shouts!
You hit the hobgoblin but do no damage. You constrict the hobgoblin.
The hobgoblin hits you.
* * * LOW HITPOINT WARNING * * *
The kobold throws a stone.
The stone closely misses you.
You release your grip on the hobgoblin.
Your magical contamination has completely faded away.
You hit the hobgoblin but do no damage. Your grab misses the hobgoblin.
The hobgoblin is severely wounded.
The hobgoblin hits you.
You die...

..$ #..#.# #.....# ...# ##..#.#
#.....# .... .....###.....#
#..# #......'.....# #..#
#..#.#.#.....#
.##..###..#.#.###†###.#.#
............).....# #.#.#.#
###.......#.......###.#.#.###
..........).....@g....(.......#
###............###÷.#..........
###.#.#........###..#.#.#.##..#
...............................
....#.#.#.#....#.#....#.......#
###.#..........#........#.#..##
#....#.#.##....................
#...##.#.#....##..#............
....##+#.#....#...#............


You could see a hobgoblin.

Vanquished Creatures
  A giant cockroach (D:1)
  2 hobgoblins (D:1)
  2 kobolds (D:1)
  A quokka (D:1)
  2 bats (D:1)
  A rat (D:1)
9 creatures vanquished.

Notes
Turn   | Place    | Note
-------+----------+-------------------------------------------
     0 | D:1      | Kaptain the Octopode Hedge Wizard began the quest for the
                  | Orb.
     0 | D:1      | Reached XP level 1. HP: 11/11 MP: 4/4
   251 | D:1      | Reached XP level 2. HP: 18/18 MP: 4/6
   460 | D:1      | Slain by a hobgoblin

Illustrated notes

Levels and vault maps discovered:
D:1:      wander_arrival_abandoned_jail, layout_basic,
          hellmonk_ecumenical_altar_inner_sanctum

Action                   || total
-------------------------++-------
Melee: Short sword       ||     8
       Constrict         ||     2
 Fire: Hunting sling     ||     7
 Cast: Magic Dart        ||    27
  Use: Scroll            ||     1
Armor: Skin              ||     1
Dodge: Dodged            ||     9
